 Dungeon Crawl Stone Soup version 0.22-a0-303-g4a852b3 (webtiles) character file.

2067 Amnesiac the Thaumaturge (level 9, -3/45 HPs)
             Began as a Tengu Air Elementalist on Mar 27, 2018.
             Was an Initiate of Gozag.
             Slain by a yak (11 damage)
             ... on level 5 of the Dungeon.
             The game lasted 00:12:23 (6488 turns).

Amnesiac the Thaumaturge (Tengu Air Elementalist)   Turns: 6488, Time: 00:12:24

Health: -3/45      AC:  2    Str:  9    XL:     9   Next: 26%
Magic:  19/23      EV: 15    Int: 19    God:    Gozag
Gold:   66         SH:  5    Dex: 14    Spells: 20/27 levels left

rFire    . . .     SeeInvis .   (no weapon)
rCold    . . .     Gourm    .   (no shield)
rNeg     . . .     Faith    .   a - +0 robe
rPois    +         Spirit   .   (helmet restricted)
rElec    .         Reflect  +   (no cloak)
rCorr    .         Harm     .   (no gloves)
MR       .....                  (boots unavailable)
Stlth    ++........             q - +5 amulet of reflection
HPRegen  0.15/turn              m - ring of poison resistance
MPRegen  0.18/turn              (no ring)

@: flying quickly and evasively, quick
A: beak, talons 3, able to fly 1
a: Potion Petition, Call Merchant, Bribe Branch, Renounce Religion


You were on level 5 of the Dungeon.
You worshipped Gozag.
Gozag was noncommittal.
You were not hungry.

You visited 1 branch of the dungeon, and saw 6 of its levels.

You collected 809 gold pieces.
You spent 330 gold pieces at shops.
You paid 413 gold pieces to Gozag.

Inventory:

Missiles
 k - 35 poisoned needles
 n - 3 needles of confusion
Armour
 a - a +0 robe (worn)
Jewellery
 m - a ring of poison resistance (left hand)
 q - a +5 amulet of reflection (around neck)
Wands
 b - a wand of polymorph (18)
 i - a wand of digging (17)
Scrolls
 e - 5 scrolls of teleportation {!r}
 f - 3 scrolls of identify {!r}
 g - 3 scrolls of enchant armour {!r}
 h - 5 scrolls of remove curse {!r}
 p - a scroll of blinking {!r}
 r - 2 scrolls of fear {!r}
 s - a scroll of enchant weapon {!r, unknown}
 u - a scroll of random uselessness {!r, unknown}
 v - 2 scrolls of magic mapping {!r}
Potions
 d - a potion of haste {!q}
 j - 2 potions of mutation {!q}
 t - a potion of brilliance {!q}
 w - a potion of resistance {!q}
Comestibles
 c - 8 rations


   Skills:
 - Level 2.1 Dodging
 - Level 2.0 Stealth
 + Level 9.9 Spellcasting
 - Level 1.3 Conjurations
 - Level 8.1 Air Magic


You had 20 spell levels left.
You knew the following spells:

 Your Spells              Type           Power        Failure   Level  Hunger
a - Shock                 Conj/Air       ####         1%          1    None
b - Swiftness             Chrm/Air       ###.....     2%          2    None
d - Airstrike             Air            #####.....   2%          4    ###....


Dungeon Overview and Level Annotations

Branches:
Dungeon (6/15)             Temple (0/1) D:5

Altars:
Fedhas
Gozag
Makhleb
Okawaru
Zin

Shops:
D:5 ?


Innate Abilities, Weirdness & Mutations

You have a beak for a mouth.
You have claws for feet.
You can fly.


Message History

You can't see any susceptible monsters within range! (Use Z to cast anyway.)
Casting: Shock (safe; 1% risk of failure)
Confirm with . or Enter, or press ? or * to list all spells.
You can't see any susceptible monsters within range! (Use Z to cast anyway.)
You now have 45 gold pieces (gained 7).
Things that are here:
a robe; a dagger A worker ant comes into view.
The worker ant is distracted by the nearby gold.
Things that are here:
6 gold pieces; a robe; an enchanted falchion
Things that are here:
7 gold pieces; a robe; a short sword You now have 52 gold pieces (gained 7).
You see here 8 gold pieces.
You now have 60 gold pieces (gained 8).
Things that are here:
6 gold pieces; a robe; an enchanted falchion You now have 66 gold pieces (gained 6).
The yak bellows!
You hear a bellow!
The yak is distracted by your gold. x2
The yak bellows!
The yak bellows!
You swoop lightly up into the air.
You feel very comfortable in the air.
You feel somewhat more hungry.
The yak is no longer distracted by gold.
There is a stone staircase leading up, spattered with blood here.
The yak gores you!
You fly upwards.
There is a stone staircase leading down, spattered with blood here.
Casting: Shock (safe; 1% risk of failure)
Confirm with . or Enter, or press ? or * to list all spells.
Aiming: Shock (safe; 1% risk of failure)
Press: ? - help, Shift-Dir - straight line The zap hits the yak.
The yak is lightly wounded.
The zap hits the yak.
The yak is moderately wounded.
Casting: Shock (safe; 1% risk of failure)
Confirm with . or Enter, or press ? or * to list all spells.
Aiming: Shock (safe; 1% risk of failure)
Press: ? - help, Shift-Dir - straight line The zap hits the yak.
The yak is moderately wounded.
The zap hits the yak.
The yak is moderately wounded.
The yak gores you!
* * * LOW HITPOINT WARNING * * *
Casting: Shock (safe; 1% risk of failure)
Confirm with . or Enter, or press ? or * to list all spells.
Aiming: Shock (safe; 1% risk of failure)
Press: ? - help, Shift-Dir - straight line The zap hits the yak.
The yak is heavily wounded.
The zap hits the yak.
The yak appears unharmed.
The yak is heavily wounded.
The yak gores you!
* * * LOW HITPOINT WARNING * * *
Okay, then.
Okay, then.
Okay, then.
The yak gores you!
You die...
Your body crumbles into a pile of gold.

≈≈......# ####
≈.......## #####.##
≈≈.......#####.'∩#..#
≈≈[....#.#.....###..#
≈[)......>..........#
.)......#[.........##
........##........##
.......###........#
................@.#
##########......Y.# #
#........# #
#.....(..# #
#........# #
##########


You could see a yak.

Vanquished Creatures
  The ghost of Arum the Blocker, a novice FoFi of Qazlal (D:6)
  A sky beast (D:5)
  An orc warrior (D:6)
  A phantom (D:4)
  An ogre (D:5)
  A centaur (D:5)
  A bullfrog (D:5)
  A scorpion (D:4)
  4 wights
  A howler monkey (D:6)
  A quasit (D:3)
  2 hounds (D:4)
  2 orc wizards
  4 orc priests (D:6)
  Jessica (D:3)
  5 worker ants
  3 iguanas
  Ijyb (D:3)
  A hound zombie (D:6)
  4 gnolls (D:6)
  4 adders
  A shadow imp (D:5)
  An adder skeleton (D:4)
  2 worms
  12 dart slugs
  4 leopard geckos
  25 orcs
  4 bats
  3 giant cockroaches
  3 goblins
  11 hobgoblins
  6 jackals
  2 quokkas
  A ball python (D:3)
  8 frilled lizards
  4 kobolds
  A leopard gecko skeleton (D:6)
  A quokka skeleton (D:5)
  8 rats (D:1)
138 creatures vanquished.

Notes
Turn   | Place    | Note
-------+----------+-------------------------------------------
     0 | D:1      | Amnesiac the Tengu Air Elementalist began the quest for the Orb.
     0 | D:1      | Reached XP level 1. HP: 10/10 MP: 4/4
   275 | D:1      | Reached XP level 2. HP: 4/15 MP: 0/6
   656 | D:1      | Reached skill level 5 in Air Magic
   691 | D:1      | Reached XP level 3. HP: 18/19 MP: 4/7
  1106 | D:1      | Learned a level 2 spell: Swiftness
  1229 | D:2      | Reached XP level 4. HP: 24/24 MP: 6/9
  1235 | D:2      | Learned a level 4 spell: Airstrike
  1448 | D:2      | Found a glowing silver altar of Zin.
  1495 | D:2      | Found a blossoming altar of Fedhas.
  1627 | D:2      | Found an opulent altar of Gozag.
  1938 | D:2      | Became a worshipper of Gozag Ym Sagoz the Greedy
  1951 | D:3      | Noticed Ijyb
  1958 | D:3      | Noticed Jessica
  1976 | D:3      | Killed Ijyb
  1979 | D:3      | Killed Jessica
  1979 | D:3      | Reached skill level 3 in Spellcasting
  1979 | D:3      | Gained mutation: You can fly. [Tengu growth]
  1979 | D:3      | Reached XP level 5. HP: 18/28 MP: 0/10
  2183 | D:3      | Noticed Grinder
  2187 | D:3      | Paralysed by Grinder for 7 turns
  2217 | D:3      | Noticed Grinder
  2217 | D:3      | Grinder changed into Grinder the quasit
  2221 | D:3      | Killed Grinder the quasit
  2657 | D:3      | Found an iron altar of Okawaru.
  2658 | D:3      | Found a burning altar of Makhleb.
  2951 | D:4      | Reached XP level 6. HP: 15/32 MP: 0/12
  3062 | D:4      | Noticed a phantom
  3135 | D:4      | Killed a phantom
  3231 | D:4      | Reached skill level 4 in Spellcasting
  3626 | D:4      | Reached XP level 7. HP: 25/36 MP: 7/14
  3791 | D:5      | Entered Level 5 of the Dungeon
  3797 | D:4      | Reached skill level 5 in Spellcasting
  4179 | D:5      | Reached skill level 6 in Spellcasting
  4316 | D:5      | HP: 1/36 [centaur (8)]
  4319 | D:5      | Reached XP level 8. HP: 41/41 MP: 13/18
  4354 | D:5      | Found a staircase to the Ecumenical Temple.
  4654 | D:5      | Found Xueshaiv's Magic Scroll Emporium.
  4666 | D:5      | Bought a scroll of enchant armour for 90 gold pieces
  4669 | D:5      | Bought a scroll of identify for 24 gold pieces
  4670 | D:5      | Bought a scroll of identify for 24 gold pieces
  4670 | D:5      | Bought a scroll of identify for 24 gold pieces
  4670 | D:5      | Bought a scroll of magic mapping for 42 gold pieces
  4670 | D:5      | Bought a scroll of fear for 42 gold pieces
  4974 | D:5      | Reached skill level 7 in Spellcasting
  5102 | D:6      | Noticed Arum's ghost (novice FoFi)
  5293 | D:5      | Bought a scroll of teleportation for 36 gold pieces
  5293 | D:5      | Bought a scroll of remove curse for 36 gold pieces
  5293 | D:5      | Bought a scroll of noise for 12 gold pieces
  5308 | D:6      | HP: 2/41 [iguana (9)]
  5614 | D:6      | Reached skill level 8 in Spellcasting
  5978 | D:6      | Noticed a yak
  5978 | D:6      | Noticed a yak
  5979 | D:6      | Noticed a yak
  5979 | D:6      | Noticed a yak
  6218 | D:6      | Killed Arum's ghost
  6218 | D:6      | Reached skill level 9 in Spellcasting
  6218 | D:6      | Reached XP level 9. HP: 16/45 MP: 0/23
  6488 | D:5      | Slain by a yak

Vault maps used:
D:1:      dpeg_arrival_round_a, minivault_23, minmay_heptomino_h4
D:2:      lemuel_crystal_altar, nicolae_gozag_seed_capital, lemuel_statue_altar
D:3:      gammafunk_temple_overflow_pools, first_ration, uniq_jessica,
          uniq_ijyb, uniq_grinder
D:5:      kennysheep_slugbush, minmay_temple_entry_junction, serial_shops,
          nicolae_shop_window_shopping, minmay_misc_feat_ornament,
          grunt_ministairs_6, eino_small_chamber_without_monster
D:6:      serial_park_tiny_1

Skill      XL: |  1  2  3  4  5  6  7  8 |
---------------+-------------------------+-----
Air Magic      | 5 6 7 8 |  8.1
Spellcasting   | 3 4 6 9 |  9.9
Dodging        | |  2.1
Stealth        | |  2.0
Conjurations   | |  1.3

Action                   |  1- 3 |  4- 6 |  7- 9 || total
-------------------------+-------+-------+-------++-------
Melee: Unarmed           |    23 |    31 |    26 ||    80
       Kick              |     8 |     7 |     1 ||    16
       Peck              |     1 |     5 |     1 ||     7
 Cast: Shock             |    74 |   126 |   145 ||   345
       Airstrike         |       |     2 |    25 ||    27
Invok: Potion Petition   |       |       |     2 ||     2
 Abil: Fly               |       |     1 |     3 ||     4
Evoke: Wand              |       |     1 |       ||     1
  Use: Scroll            |       |       |     7 ||     7
       Potion            |       |       |     2 ||     2
  Eat: Chunk             |     2 |     2 |       ||     4
       Ration            |       |     2 |     4 ||     6
Armor: Robe              |     8 |     9 |     5 ||    22
       Skin              |       |       |    21 ||    21
Dodge: Dodged            |    18 |    40 |    32 ||    90
Block: Other             |       |       |    26 ||    26

Table legend:
 A = Spawn XP
 B = Non-spawn XP
 C = Spawn XP percentage of total XP
 D = Spawn monster count
 E = Non-spawn monster count
 F = Spawn count percentage of total count
 G = Total turns spent on level
                    A         B        C        D         E        F      G
               +---------+---------+-------+---------+---------+-------+---------
         Total |       0 |    2954 |   0.0 |       0 |     138 |   0.0 |  6488
               +---------+---------+-------+---------+---------+-------+---------
           D:1 |       0 |      64 |   0.0 |       0 |      35 |   0.0 |  1133
           D:2 |       0 |      40 |   0.0 |       0 |       9 |   0.0 |   940
           D:3 |       0 |     151 |   0.0 |       0 |      18 |   0.0 |   807
           D:4 |       0 |     510 |   0.0 |       0 |      22 |   0.0 |   960
           D:5 |       0 |     715 |   0.0 |       0 |      27 |   0.0 |  2072
           D:6 |       0 |    1474 |   0.0 |       0 |      27 |   0.0 |   576
               +---------+---------+-------+---------+---------+-------+---------
